 Dungeon Crawl Stone Soup version 0.30.1-3-gfc49f6343a (webtiles) character file.

Game seed: 14068148692671378303

17737 jtron the Fighter (level 12, -3/84 HPs)
             Began as a Kobold Berserker on July 27, 2023.
             Was a High Priest of Trog.
             Slain by a manticore (5 damage)
             ... summoned by Kirke
             ... on level 12 of the Dungeon on July 28, 2023.
             The game lasted 00:37:21 (13816 turns).

jtron the Fighter (Kobold Berserker)               Turns: 13816, Time: 00:37:21

Health: -3/84      AC: 19    Str: 21    XL:     12   Next: 86%
Magic:  13/13      EV: 19    Int:  9    God:    Trog [*****.]
Gold:   599        SH:  5    Dex: 18    Spells: 11/11 levels left

rFire   . . .        a - +9 dagger (venom)
rCold   . . .        (no shield)
rNeg    . . .        B - +2 acid dragon scales
rPois   .            h - +1 helmet
rElec   .            r - +1 cloak
rCorr   +            (no gloves)
SInv    .            d - +0 pair of boots
Will    +....        E - amulet of reflection
Stlth   +++++        q - +6 ring of strength
HPRegen 0.34/turn    I - +4 ring of protection
MPRegen 0.13/turn

%: reflection
@: on berserk cooldown, slowed, very slow
A: small, no large weapons, nightstalker 3, hooves 1, high MP 1, strong-willed
1, no potion heal 1
a: Renounce Religion, Berserk, Trog's Hand, Brothers in Arms


You were on level 12 of the Dungeon.
You worshipped Trog.
Trog was extremely pleased with you.
You visited 3 branches of the dungeon, and saw 15 of its levels.

You collected 643 gold pieces.
You spent 44 gold pieces at shops.

Inventory:

Hand Weapons
 a - a +9 dagger of venom (weapon)
 c - a +0 dagger of flaming
 f - a +0 dagger of flaming
 k - a +1 antimagic short sword
 n - a +0 sling
 J - a +1 dagger of distortion
 U - a +3 heavy rapier
Missiles
 b - 56 poisoned darts (quivered)
 o - 162 stones
 u - 2 curare-tipped darts
 y - 3 throwing nets
Armour
 d - a +0 pair of boots (worn)
 h - a +1 helmet (worn)
 l - a +1 robe of cold resistance
 r - a +1 cloak (worn)
 B - +2 acid dragon scales (worn)
 K - a +2 robe of fire resistance
Jewellery
 e - a ring of positive energy
 q - a +6 ring of strength (left hand)
 t - a +6 ring of intelligence
 E - an amulet of reflection (around neck)
 F - a ring of fire
 I - a +4 ring of protection (right hand)
 O - a ring of positive energy
 P - a ring of resist corrosion
Wands
 m - a wand of digging (11)
 p - a wand of flame (26)
 A - a wand of roots (10)
 G - a wand of mindburst (19)
 N - a wand of paralysis (4)
Scrolls
 j - a scroll of identify
 s - 3 scrolls of immolation
 v - 4 scrolls of fog
 C - 2 scrolls of silence
 M - 2 scrolls of teleportation
 R - a scroll of fear
 S - a scroll of blinking
Potions
 g - 2 potions of flight
 i - 2 potions of ambrosia
 w - 2 potions of resistance
 z - 2 potions of mutation
 D - a potion of haste
 H - a potion of curing
 L - a potion of attraction
 Q - a potion of might
 T - a potion of magic


   Skills:
 + Level 13.8 Fighting
 + Level 10.8 Short Blades
 + Level 7.7 Throwing
 - Level 6.0 Armour
 - Level 8.0 Dodging
 - Level 9.0 Stealth
 - Level 1.2 Shields
 * Level 4.9 Evocations


You had 11 spell levels left.
You didn't know any spells.
Your spell library was empty.

Dungeon Overview and Level Annotations

Branches:
Dungeon (12/15)            Temple (0/1) D:5            Lair (2/5) D:10
 Shoals (0/4) Lair:2        Snake (0/4) Lair:2          Orc (1/2) D:11

Altars:
Ashenzari
Elyvilon
Gozag
Hepliaklqana
Kikubaaqudgha
Makhleb
Qazlal
Trog

Shops:
D:7 *   D:8 *

Portals:
Trove: D:11 (give +3 gold dragon scales)

Annotations:
D:12 Kirke


Innate Abilities, Weirdness & Mutations

You are small and have problems with some larger weapons.
You are completely attuned to the shadows.
You have large cloven feet.
You have an increased reservoir of magic. (+10% MP)
You are strong-willed. (Will+)
Potions are less effective at restoring your health.


Message History

You puncture Kirke!
Kirke is moderately wounded.
Kirke casts a spell at you. You resist with some effort.
The deep elf pyromancer casts a spell.
The deep elf pyromancer blinks!
The death knight hits you but does no damage.
You hear an angry squeal. x3
Aiming: Mindburst
Press: ? - help, Shift-Dir - straight line, f/p - centaur
Aim: a centaur (chance to affect: 81%) Kirke resists with almost no effort.
You hear an angry squeal.
Kirke barely misses you. The death knight completely misses you.
The death knight offers itself to Yredelemnul, and fills with unholy energy.
You block Kirke's attack.
Aiming: Paralyse
Press: ? - help, Shift-Dir - straight line, f/p - centaur
Aim: a centaur (chance to affect: 62%) Kirke resists with almost no effort.
Kirke gestures at you while chanting. You resist with some effort.
The death knight hits you from afar with a +3 glaive!
* * * LOW HITPOINT WARNING * * *
You hear an angry squeal.
You hit Kirke.
Kirke looks as sick as possible!
Kirke is heavily wounded.
You hear an angry squeal. x2
The death knight hits you from afar with a +3 glaive!
* * * LOW HITPOINT WARNING * * *
Kirke's hands start to glow.
Kirke casts a spell.
Kirke summons a manticore!
You hit the manticore.
The manticore is lightly wounded.
You block Kirke's attack. The death knight closely misses you.
You hit Kirke.
Kirke looks as sick as possible!
Kirke is heavily wounded.
The manticore closely misses you. The manticore claws you.
You die...

#......##
..>.#...####
.....>.....#
.............#
..c#######..#
.ccc#.#e#.#..##
#p#)#^^^^^#...#
#.#c#########.#
#.#cp@@H..'.#.#
#..c#########.#
#...#^^^^^#...#
#.#.#.#.#.#.###
#...#######.#
##..........#
############


You could see Kirke (extremely poisoned), a death knight (reflects damage), a
manticore (summoned), a deep elf pyromancer and 3 centaurs.

Vanquished Creatures
  Josephine (D:11)
  A centaur warrior (D:8)
  2 two-headed ogres
  A tengu warrior (D:10)
  A manticore (D:11)
  2 cyclopes
  2 black mambas
  2 kobold demonologists (D:10)
  A cane toad (Lair:1)
  A rime drake (D:10)
  An unseen horror (D:12)
  Psyche (D:9)
  A komodo dragon (Lair:1)
  3 trolls
  2 hornets (D:9)
  A blink frog (Lair:1)
  A shadow (D:9)
  A vampire (D:10)
  6 yaks (D:9)
  8 wraiths
  A wyvern (Lair:2)
  A hog (D:12)
  2 basilisks (Lair:1)
  2 vampire mosquitoes
  Edmund (D:4)
  A warg (D:11)
  An acid dragon (D:9)
  Duvessa (D:4)
  A water moccasin (Lair:1)
  A black bear (D:8)
  4 ice beasts
  4 orc warriors
  3 wolves (D:10)
  12 centaurs
  An ogre (D:4)
  3 phantoms
  6 kobold brigands
  Blork the orc (D:4)
  4 bullfrogs
  6 scorpions
  3 gnoll sergeants
  10 wights
  Dowan (D:4)
  4 howler monkeys
  A hound (D:4)
  4 orc priests
  3 iguanas
  A sleepcap (D:6)
  Ijyb (D:3)
  2 gnoll boudas
  15 orc wizards
  Robin (D:3)
  29 gnolls
  13 adders
  2 shadow imps
  2 white imps
  An ufetubus (D:5)
  A worm (D:3)
  4 dart slugs
  41 orcs
  5 ball pythons
  4 endoplasms
  2 giant cockroaches
  15 goblins
  18 hobgoblins
  11 jackals
  3 quokkas
  2 bats
  4 frilled lizards
  26 kobolds
  4 rats
328 creatures vanquished.

Vanquished Creatures (collateral kills)
  An orc warrior (D:10)
  A wolf (D:10)
  2 orc wizards (D:10)
  2 orcs (D:10)
6 creatures vanquished.

Vanquished Creatures (others)
  A centaur warrior (D:12)
  A butterfly (D:4)
2 creatures vanquished.

Grand Total: 336 creatures vanquished

Notes
Turn   | Place    | Note
-------+----------+-------------------------------------------
     0 | D:1      | jtron the Kobold Berserker began the quest for the Orb.
     0 | D:1      | Reached XP level 1. HP: 14/14 MP: 1/1
   153 | D:1      | Reached XP level 2. HP: 18/19 MP: 2/2
   809 | D:2      | Reached XP level 3. HP: 24/24 MP: 3/3
  1082 | D:2      | Reached skill level 1 in Stealth
  1087 | D:2      | Reached skill level 4 in Fighting
  1087 | D:2      | Reached skill level 5 in Short Blades
  1087 | D:2      | Reached XP level 4. HP: 27/29 MP: 4/4
  1555 | D:2      | Reached XP level 5. HP: 28/33 MP: 5/5
  1948 | D:2      | Found a faded altar of an unknown god.
  2343 | D:3      | Noticed a phantom
  2384 | D:3      | HP: 1/33 [phantom (4)]
  2385 | D:3      | Killed a phantom
  2385 | D:3      | Reached ** piety under Trog
  2386 | D:3      | Reached XP level 6. HP: 2/39 MP: 6/6
  2664 | D:3      | Noticed Robin
  2688 | D:3      | Killed Robin
  2779 | D:3      | Noticed Ijyb
  2783 | D:3      | Killed Ijyb
  3222 | D:4      | Noticed an ogre
  3225 | D:4      | Killed an ogre
  3226 | D:4      | Reached skill level 5 in Stealth
  3226 | D:4      | Reached XP level 7. HP: 44/44 MP: 7/7
  3229 | D:4      | Noticed Edmund
  3239 | D:4      | Killed Edmund
  3318 | D:4      | Noticed Duvessa
  3318 | D:4      | Noticed Dowan
  3328 | D:4      | Killed Dowan
  3329 | D:4      | Reached skill level 5 in Fighting
  3343 | D:4      | Killed Duvessa
  3548 | D:4      | Reached XP level 8. HP: 49/49 MP: 8/8
  3566 | D:4      | Found a burning altar of Makhleb.
  3839 | D:4      | Found a white marble altar of Elyvilon.
  3943 | D:4      | Noticed Blork the orc
  3959 | D:4      | Killed Blork the orc
  4193 | D:5      | Entered Level 5 of the Dungeon
  4230 | D:5      | Found a transporter.
  4246 | D:5      | Noticed a kobold demonologist
  4284 | D:5      | Found a transporter.
  4320 | D:5      | Found an opulent altar of Gozag.
  4531 | D:5      | Found a hazy altar of Hepliaklqana.
  4569 | D:5      | Found a staircase to the Ecumenical Temple.
  5085 | D:6      | Identified the +0 falchion of Chaos {flame, rC+ Str+2}
  5109 | D:6      | Reached skill level 1 in Throwing
  5119 | D:6      | Reached skill level 6 in Fighting
  5137 | D:6      | Reached skill level 10 in Short Blades
  5137 | D:6      | Reached XP level 9. HP: 22/55 MP: 9/9
  5143 | D:6      | Reached *** piety under Trog
  5326 | D:6      | Found a stormy altar of Qazlal.
  5344 | D:6      | Reached skill level 7 in Fighting
  5897 | D:6      | Reached skill level 5 in Dodging
  5909 | D:6      | Reached skill level 8 in Fighting
  6745 | D:7      | Found Qoishroh's General Store.
  7089 | D:7      | Reached skill level 9 in Fighting
  7245 | D:7      | Found a broken altar of Ashenzari.
  7296 | D:7      | Reached XP level 10. HP: 48/66 MP: 10/10
  7508 | D:8      | Reached **** piety under Trog
  7686 | D:8      | Found Ygrapp's Assorted Antiques.
  7691 | D:8      | Bought a scroll of identify for 44 gold pieces
  7825 | D:8      | Noticed a centaur warrior
  7837 | D:8      | Killed a centaur warrior
  7838 | D:8      | Reached skill level 10 in Fighting
  8014 | D:8      | Reached skill level 5 in Throwing
  8072 | D:8      | Reached skill level 1 in Shields
  8091 | D:8      | Gained mutation: Potions are less effective at restoring
                  | your health. [potion of mutation]
  8091 | D:8      | Gained mutation: You have an increased reservoir of magic.
                  | (+10% MP) [potion of mutation]
  8091 | D:8      | Gained mutation: You have large cloven feet. [potion of
                  | mutation]
  8091 | D:8      | Gained mutation: You are strong-willed. (Will+) [potion of
                  | mutation]
  8956 | D:9      | Noticed Psyche
  8969 | D:9      | Killed Psyche
  8970 | D:9      | Reached skill level 11 in Fighting
  9112 | D:9      | Found a flagged portal.
  9338 | D:9      | Paralysed by a hornet for 2 turns
  9348 | D:9      | Reached XP level 11. HP: 46/74 MP: 12/12
  9753 | D:10     | Entered Level 10 of the Dungeon
 10219 | D:10     | Found a staircase to the Lair.
 10285 | D:10     | Noticed a two-headed ogre
 10299 | D:10     | Killed a two-headed ogre
 10578 | D:10     | Reached skill level 12 in Fighting
 10652 | D:10     | Identified the +1 robe "Dumyap" {rCorr}
 10693 | D:10     | Found an ancient bone altar of Kikubaaqudgha.
 10706 | D:10     | Noticed a cyclops
 10725 | D:10     | Killed a cyclops
 10818 | D:10     | Noticed a tengu warrior
 11066 | D:10     | Killed a tengu warrior
 11067 | D:10     | Reached skill level 5 in Armour
 11171 | D:10     | Reached ***** piety under Trog
 11199 | D:10     | Found a bloodstained altar of Trog.
 11278 | D:11     | Noticed a manticore
 11308 | D:11     | Noticed Josephine
 11443 | D:11     | Noticed a two-headed ogre
 11454 | D:11     | Killed a two-headed ogre
 11455 | D:11     | Reached XP level 12. HP: 78/82 MP: 13/13
 11674 | D:11     | Reached skill level 1 in Evocations
 11704 | Lair:1   | Entered Level 1 of the Lair of Beasts
 11821 | Lair:1   | Reached skill level 13 in Fighting
 12333 | Lair:1   | You fall into a shaft and drop 1 floor!
 12921 | D:11     | Found a staircase to the Orcish Mines.
 13008 | D:11     | Found a portal to a secret trove of treasure.
 13158 | Orc:1    | Entered Level 1 of the Orcish Mines
 13556 | D:11     | Killed Josephine
 13772 | D:12     | Noticed a centaur warrior
 13786 | D:12     | Killed a centaur warrior
 13791 | D:12     | Noticed a death knight
 13799 | D:12     | Received a gift from Trog
 13800 | D:12     | Noticed Kirke
 13814 | D:12     | HP: 2/84 [death knight/+3 glaive (17)]
 13816 | D:12     | Slain by a manticore

Illustrated notes

Levels and vault maps discovered:
D:1:      dpeg_arrival_arbitrary_b, layout_basic
D:2:      layout_basic, hellmonk_ecumenical_altar_slurped_away
D:3:      layout_basic, chequers_avenue, uniq_robin, uniq_ijyb
D:4:      layout_loops_cross, nicolae_elyvilon_peaceful_grove,
          mainiacjoe_overflow_boulevard, uniq_duvessa, uniq_edmund,
          uniq_blork_the_orc
D:5:      gammafunk_wand_slinger, layout_loops_ring,
          mainiacjoe_overflow_six_doors_small,
          nicolae_gozag_cash_rules_everything_around_me,
          minmay_temple_entry_gardened_gates
D:6:      layout_loops_cross, nicolae_overflow_crystal_walls, dk_vineyard_2,
          minmay_misc_feat_cross, nicolae_concentric_dashed_squares_wild
D:7:      layout_cave_pools, cheibrodos_ashenzari_chains, serial_shops, shop,
          minmay_misc_feat_tiny, minmay_puff
D:8:      layout_basic, serial_shops, shop
D:9:      nicolae_cairo_tiling, layout_cave_pools, enter_bailey_3, uniq_psyche
D:10:     layout_long_grid, lemuel_crystal_altar, trog_hazing_becter,
          hellmonk_lair_entry_icy, minmay_fractal_squares_gapless_7
D:11:     layout_big_octagon, david_orc_2, nicolae_trove_entry_crystal,
          uniq_josephine
D:12:     layout_rooms, grunt_tough_drop, uniq_kirke
Lair:1:   layout_loops_ring, grunt_megastairs_5, uniq_sonja
Lair:2:   layout_cave_shapes, nicolae_shoals_entry_roost,
          minmay_snake_entry_six_corridors, nicolae_volcano_entry_two_sided
Orc:1:    layout_caves, serial_shops, shop, basic_altar

Skill      XL: |  1  2  3  4  5  6  7  8  9 10 11 12 |
---------------+-------------------------------------+-----
Stealth        | 1 2 3 5 6 8 9 |  9.0
Fighting       | 4 5 6 9 11 12 13 | 13.8
Short Blades   | 5 6 8 10 | 10.8
Dodging        | 3 5 7 8 |  8.0
Throwing       | 1 3 6 7 |  7.7
Shields        | 1 |  1.2
Armour         | 5 6 |  6.0
Evocations     | 4 |  4.9

Action                     |  1- 3 |  4- 6 |  7- 9 | 10-12 || total
---------------------------+-------+-------+-------+-------++-------
  Melee: Short sword       |    81 |    22 |       |       ||   103
         Punch             |     1 |     1 |     5 |    10 ||    17
         Dagger            |       |   172 |   294 |   692 ||  1158
  Throw: Dart              |       |       |    16 |    22 ||    38
 Invoke: Berserk           |     2 |     2 |     5 |    13 ||    22
         Trog's Hand       |       |     1 |     1 |       ||     2
         Brothers in Arms  |       |       |       |     1 ||     1
  Evoke: Wand              |       |       |       |    10 ||    10
    Use: Scroll            |       |     5 |    11 |    18 ||    34
         Potion            |       |     1 |     1 |     6 ||     8
   Stab: Sleeping          |     6 |    12 |    25 |    17 ||    60
         Distracted        |       |       |     4 |     1 ||     5
 Armour: Animal skin       |    10 |     5 |       |       ||    15
         Robe              |       |    36 |    18 |    11 ||    65
         Acid dragon scale |       |       |       |   142 ||   142
  Dodge: Dodged            |    54 |   107 |   128 |   437 ||   726
  Block: Other             |       |       |     4 |   117 ||   121
         Reflection        |       |       |       |     9 ||     9
